 Dungeon Crawl Stone Soup version 0.31-a0-1300-gb6740aa4e6 (webtiles) character file.

Game seed: 4276652118560756982

2809 gruber the Frost Mage (level 9, -16/57 HPs)
             Began as a Demonspawn Ice Elementalist on Dec 18, 2023.
             Was a Priest of Vehumet.
             Demolished by an orc warlord
             ... wielding a +10 broad axe
              (34 damage)
             ... in a bailey.
             The game lasted 00:10:16 (6853 turns).

gruber the Frost Mage (Demonspawn Ice Elementalist) Turns: 6853, Time: 00:10:17

Health: -16/57     AC:  6    Str:  8    XL:     9   Next: 44%
Magic:  2/15       EV: 12    Int: 19    God:    Vehumet [***...]
Gold:   407        SH:  0    Dex: 15    Spells: 9/16 levels left

rFire   . . .        d - +1 short sword (flame)
rCold   . . .        (no shield)
rNeg    . . .        a - +0 robe
rPois   .            f - +0 helmet
rElec   .            (no cloak)
rCorr   .            (no gloves)
SInv    .            h - +0 pair of boots
Will    +....        (no amulet)
Stlth   +++          x - ring of willpower
HPRegen 0.29/turn    (no ring)
MPRegen 0.14/turn

%: no passive effects
@: freezing walls
A: thin metallic scales 1, demonic guardian 2, demonic magic 2
a: Renounce Religion


You were in a bailey.
You worshipped Vehumet.
Vehumet was most pleased with you.
You visited 1 branch of the dungeon, and saw 7 of its levels.
You also visited: Bailey.

You collected 407 gold pieces.

Inventory:

Hand Weapons
 d - a +1 short sword of flaming (weapon)
Missiles
 t - 2 throwing nets
Armour
 a - a +0 robe (worn)
 f - a +0 helmet (worn)
 h - a +0 pair of boots (worn)
Jewellery
 x - a ring of willpower (left hand)
Wands
 k - a wand of mindburst (8)
 w - a wand of paralysis (11)
 A - a wand of iceblast (4)
Scrolls
 c - 3 scrolls of identify {unknown}
 n - 2 scrolls of vulnerability {unknown}
 o - a scroll of amnesia {unknown}
 p - 3 scrolls of teleportation {unknown}
 q - a scroll of fear {unknown}
 u - a scroll of poison {unknown}
 v - 3 scrolls of brand weapon {unknown}
 y - a scroll of fog {unknown}
 B - 2 scrolls of enchant armour {unknown}
 C - 2 scrolls of blinking {unknown}
 E - a scroll of revelation {unknown}
Potions
 b - 2 potions of magic
 e - 4 potions of haste {unknown}
 g - a potion of curing {unknown}
 i - a potion of degeneration {unknown}
 j - 2 potions of heal wounds {unknown}
 l - a potion of berserk rage {unknown}
 m - a potion of attraction {unknown}
 r - a potion of mutation {unknown}
 s - a potion of brilliance {unknown}
 z - a potion of ambrosia {unknown}
 D - a potion of experience {unknown}


   Skills:
 - Level 5.5 Short Blades
 - Level 1.7 Dodging
 - Level 7.0 Stealth
 - Level 4.0 Spellcasting
 * Level 8.6 Ice Magic


You had 9 spell levels left.
You knew the following spells:

 Your Spells              Type           Power      Damage    Failure   Level
a - Freeze                Ice            100%       1d10      1%          1
b - Frozen Ramparts       Ice            72%        1d11      1%          3
c - Ozocubu's Armour      Ice            36%        N/A       1%          3

Your spell library contained the following spells:

 Spells                   Type           Power      Damage    Failure   Level
 Dazzling Flash           Conj/Hex       6%         N/A       11%         3
 Ignite Poison            Fire/Tmut/Pois 3%         N/A       11%         3
 Summon Small Mammal      Summ           12%        N/A       14%         1
 Cigotuvi's Dreadful Rot  Necr/Pois/Air  6%         N/A       21%         2
 Summon Ice Beast         Ice/Summ       20%        N/A       24%         4
 Freezing Cloud           Conj/Ice/Air   7%         6-21      28%         5
 Iskenderun's Battlesphe  Conj           3%         2d6       65%         5
 Bombard                  Conj/Erth      1%         9d1       99%         6
 Spellforged Servitor     Conj/Summ      1%         N/A       100%        7


Dungeon Overview and Level Annotations

Branches:
Dungeon (7/15)             Temple (0/1) D:4          Bailey (1/1)

Altars:
Cheibriados
Kikubaaqudgha
Sif Muna
Trog
Vehumet
Wu Jian


Innate Abilities, Weirdness & Mutations

You are partially covered in thin metallic scales. (AC +2)
A demonic guardian rushes to your aid.
Spells you cast may paralyse nearby enemies.


Message History

You freeze the orc warlord.
The orc warlord is moderately wounded.
Malevolent energies surge around you.
The orc warlord hits you with a +10 broad axe!
A demonic guardian appears!
Unknown command.
Unknown command.
Casting: Freeze (safe; 1% risk of failure)
Confirm with . or Enter, or press ? or * to list all spells.
Aiming: Freeze (safe; 1% risk of failure)
Press: ? - help, Shift-Dir - straight line, f/p - orc warlord
Aim: an orc warlord, wielding a +10 broad axe and wearing a +0 chain mail (moderately wounded, ally target)
You freeze the orc warlord.
The orc warlord is moderately wounded.
Malevolent energies surge around you.
The orc warlord hits you with a +10 broad axe!!
* * * LOW HITPOINT WARNING * * *
The orc warlord hits your orange demon with a +10 broad axe!
Your orange demon stings the orc warlord.
The orc warlord is poisoned.
Your orange demon poisons the orc warlord!
Your orange demon splashes around in the water.
Unknown command.
Okay, then.
Your icy armour cracks and falls away as you move.
The frozen ramparts melt away as you move.
Your orange demon stings the orc warlord but does no damage.
Unknown command.
The orc warlord attacks as it pursues you!
The orc warlord hits you but does no damage.
Casting: Freeze (safe; 1% risk of failure)
Confirm with . or Enter, or press ? or * to list all spells.
Casting: Frozen Ramparts (safe; 1% risk of failure)
Press: ? - help, Dir - look around, f - activate The walls around you are covered in ice.
Malevolent energies surge around you.
The wall freezes the orc warlord but does no damage.
The orc warlord hits you with a +10 broad axe!!
Ouch! That really hurt!
You die...

##### ##### ##...## ##...##
##.....## ##.....##
##.......#######.......##
##..8..8...........8..8..##
#.........................#
#..............o@.........#
#...8..)...#'4'#......8...#
##.....)####~~~####......##
♣##.....#~~~~~~~~~#.....##♣
♣.##....#~.8...8.~#....##.♣
♣..###)###.......###'###..♣♣
...~~~.#~~.8...8.~~#.~~~...♣
...~~~o#~.........~#.~~~...♣♣
...~~~)#~....∩....~#.~~~...∩♣


You could see an orc warlord (very poisoned, ally target) and a friendly orange
demon (summoned).

Vanquished Creatures
  A two-headed ogre (D:7)
  An orc knight (Bailey)
  A wyvern (D:6)
  A steam dragon (D:6)
  2 orc warriors (Bailey)
  An ice beast (D:6)
  2 centaurs
  A kobold brigand (D:5)
  A scorpion (D:5)
  2 orc priests
  3 hounds (D:5)
  A jelly (D:6)
  4 sleepcaps
  3 iguanas
  4 orc wizards
  11 gnolls
  12 adders
  A shadow imp (D:6)
  A worm (D:3)
  A dart slug (D:1)
  26 orcs
  8 endoplasms
  5 giant cockroaches
  13 goblins
  4 hobgoblins
  6 jackals
  6 quokkas
  7 ball pythons
  6 bats
  19 kobolds
  3 rats (D:2)
157 creatures vanquished.

Vanquished Creatures (collateral kills)
  An ice beast (D:5)
1 creature vanquished.

Grand Total: 158 creatures vanquished

Notes
Turn   | Place    | Note
-------+----------+-------------------------------------------
     0 | D:1      | gruber the Demonspawn Ice Elementalist began the quest for
                  | the Orb.
     0 | D:1      | Reached XP level 1. HP: 13/13 MP: 3/3
   216 | D:1      | Reached skill level 4 in Ice Magic
   216 | D:1      | Gained mutation: You are partially covered in thin metallic
                  | scales. (AC +2) [demonic ancestry]
   216 | D:1      | Reached XP level 2. HP: 18/19 MP: 0/5
   269 | D:1      | Found a faded altar of an unknown god.
   862 | D:2      | Gained mutation: A weak demonic guardian rushes to your
                  | aid. [demonic ancestry]
   862 | D:2      | Reached XP level 3. HP: 24/24 MP: 3/6
  1222 | D:2      | Found an ancient bone altar of Kikubaaqudgha.
  1350 | D:2      | Identified the +1 barding "Tualaq" {Rampage Str+4}
  1472 | D:3      | Reached skill level 5 in Ice Magic
  1610 | D:3      | Learned a level 3 spell: Frozen Ramparts
  1686 | D:3      | Reached XP level 4. HP: 30/30 MP: 3/7
  1949 | D:3      | Found a shimmering blue altar of Sif Muna.
  1950 | D:3      | Found an ancient bone altar of Kikubaaqudgha.
  1951 | D:3      | Found a radiant altar of Vehumet.
  1959 | D:3      | Became a worshipper of Vehumet
  1980 | D:3      | Got Sif Muna's Parchment of the Band
  2401 | D:3      | Found a snail-covered altar of Cheibriados.
  2526 | D:4      | Found a staircase to the Ecumenical Temple.
  2770 | D:4      | Gained mutation: Spells you cast may paralyse adjacent
                  | enemies. [demonic ancestry]
  2770 | D:4      | Reached XP level 5. HP: 15/35 MP: 3/10
  3247 | D:4      | Reached * piety under Vehumet
  3247 | D:4      | Offered knowledge of Sandblast by Vehumet.
  3250 | D:4      | Reached XP level 6. HP: 24/41 MP: 3/12
  3501 | D:5      | Entered Level 5 of the Dungeon
  3508 | D:5      | Reached skill level 6 in Ice Magic
  3758 | D:5      | Identified the +7 whip "Commukku" {vamp, *Rage rN++ Will+
                  | MP+9 Str-4}
  3873 | D:5      | Noticed an ice beast
  3905 | D:5      | Killed an ice beast
  3906 | D:5      | Reached skill level 7 in Ice Magic
  3906 | D:5      | Gained mutation: Spells you cast may paralyse nearby
                  | enemies. [demonic ancestry]
  3906 | D:5      | Reached XP level 7. HP: 29/46 MP: 4/13
  4002 | D:5      | Found an ornate altar of the Wu Jian Council.
  4064 | D:5      | Reached skill level 1 in Short Blades
  4894 | D:6      | Noticed a steam dragon
  4937 | D:6      | Killed a steam dragon
  4946 | D:6      | Gained mutation: A demonic guardian rushes to your aid.
                  | [demonic ancestry]
  4946 | D:6      | Reached XP level 8. HP: 12/52 MP: 7/14
  5236 | D:6      | Reached skill level 5 in Short Blades
  5409 | D:6      | Offered knowledge of Static Discharge by Vehumet.
  5482 | D:6      | Reached ** piety under Vehumet
  5650 | D:6      | Found a bloodstained altar of Trog.
  5812 | D:7      | Learned a level 3 spell: Ozocubu's Armour
  5930 | D:7      | Noticed a two-headed ogre
  5941 | D:7      | Killed a two-headed ogre
  5942 | D:7      | Reached XP level 9. HP: 57/57 MP: 7/15
  6029 | D:7      | Found a flagged portal.
  6045 | Bailey   | Entered a bailey
  6072 | Bailey   | Noticed an orc warlord
  6115 | Bailey   | Offered knowledge of Dazzling Flash by Vehumet.
  6247 | Bailey   | Found a runed translucent gate.
  6250 | Bailey   | Found a runed translucent gate.
  6251 | Bailey   | Found a runed translucent gate.
  6258 | Bailey   | Noticed an orc knight
  6344 | Bailey   | Reached *** piety under Vehumet
  6467 | Bailey   | Killed an orc knight
  6468 | Bailey   | Reached skill level 8 in Ice Magic
  6853 | Bailey   | Demolished by an orc warlord

Illustrated notes

Levels and vault maps discovered:
D:1:      dpeg_arrival_orchard, layout_loops_ring,
          shapermc_ecumenical_altar_mp_ritualfount, glass_columns_c
D:2:      layout_rooms, basic_altar, minmay_misc_feat_ornament
D:3:      layout_loops_ring, grunt_temple_overflow_magic_moments,
          chei_slow_surprise, kennysheep_minor_cross, kennysheep_generic_room_16
D:4:      layout_loops_cross, lemuel_coloured_pillars_altar, temple_pool_b
D:5:      layout_basic, lemuel_tele_altar
D:6:      nicolae_cairo_tiling_very_big, layout_basic, lightli_temple_of_fire
D:7:      layout_loops_ring, enter_bailey_5
Bailey:   bailey_axe_bossmonster_kennysheep, bailey

Skill      XL: |  1  2  3  4  5  6  7  8  9 |
---------------+----------------------------+-----
Ice Magic      | 4 5 7 8 |  8.6
Spellcasting   | 3 4 |  4.0
Short Blades   | 4 5 |  5.5
Stealth        | 6 7 |  7.0
Dodging        | |  1.7

Action                     |  1- 3 |  4- 6 |  7- 9 || total
---------------------------+-------+-------+-------++-------
  Melee: Unarmed           |     7 |       |       ||     7
         Short sword       |    27 |    53 |    57 ||   137
         Punch             |       |     1 |     1 ||     2
   Cast: Freeze            |    44 |    36 |    83 ||   163
         Frozen Ramparts   |       |    15 |    23 ||    38
         Ozocubu's Armour  |       |       |     5 ||     5
  Evoke: Wand              |       |       |     6 ||     6
   Stab: Sleeping          |     1 |     1 |       ||     2
         Paralysed         |       |    13 |    14 ||    27
         Distracted        |       |       |     1 ||     1
 Armour: Robe              |    33 |    37 |    57 ||   127
  Dodge: Dodged            |    41 |    45 |    48 ||   134

Table legend: (Time is in decaauts)
 A = Elapsed time spent in this place.
 B = Non-inter-level travel time spent in this place.
 C = Inter-level travel time spent in this place.
 D = Time resting spent in this place.
 E = Time spent auto-exploring this place.
 F = Levels seen in this place.
 G = Mean time per level.
                   A        B        C        D        E       F      G
               +--------+--------+--------+--------+--------+-----+--------+
         Total |   6846 |   6687 |    159 |    227 |   5373 |   8 |  855.8 |
       Dungeon |   6033 |   5874 |    159 |     38 |   4971 |   7 |  861.9 |
        Bailey |    813 |    813 |      0 |    189 |    401 |   1 |  813.0 |
               +--------+--------+--------+--------+--------+-----+--------+

Top non-repeatable levels by time:
     D:6: 1173 daAuts
     D:5: 1072 daAuts
     D:3: 1071 daAuts
     D:4: 979 daAuts
  Bailey: 813 daAuts
     D:1: 776 daAuts
     D:2: 673 daAuts
     D:7: 286 daAuts
